 Dungeon Crawl Stone Soup version 0.26-a0-651-gb41185065b (webtiles) character file.

Game seed: 16805041691438292809

149287 Flugslaktarn the Severer (level 16, -16/160 HPs)
             Began as a Deep Dwarf Fighter on Oct 6, 2020.
             Was the Champion of Makhleb.
             Killed from afar by a thorn hunter (23 damage)
             ... with a volley of thorns
             ... on level 4 of the Swamp.
             The game lasted 00:14:14 (15715 turns).

Flugslaktarn the Severer (Deep Dwarf Fighter)      Turns: 15715, Time: 00:14:14

Health: -16/160    AC: 23    Str: 25    XL:     16   Next: 66%
Magic:  2/2        EV:  8    Int: 11    God:    Makhleb [******]
Gold:   907        SH: 19    Dex: 12    Spells: 15/15 levels left

rFire    + . .     SeeInvis .   A - +1 broad axe (freeze)
rCold    . . .     Faith    .   l - +0 tower shield
rNeg     + . .     Spirit   .   q - +0 swamp dragon scales
rPois    +         Reflect  .   s - +1 helmet
rElec    .         Harm     .   G - +2 cloak
rCorr    .         Rampage  .   y - +1 pair of gloves
MR       +++..                  B - +2 pair of boots
Stlth    +.........             (no amulet)
HPRegen  0.00/turn              f - ring of protection from fire
MPRegen  0.08/turn              m - ring of protection from magic

@: non-regenerating
A: damage resistance, heal wounds, negative energy resistance 1, sense
surroundings 2, no regeneration
}: 1/15 runes: gossamer
a: Heal Wounds, Minor Destruction, Lesser Servant of Makhleb, Major Destruction,
Greater Servant of Makhleb, Renounce Religion


You were on level 4 of the Swamp.
You worshipped Makhleb.
Makhleb was exalted by your worship.
You visited 6 branches of the dungeon, and saw 30 of its levels.
You visited 1 bazaar.

You collected 2040 gold pieces.
You spent 1133 gold pieces at shops.

Inventory:

Hand Weapons
 b - a +3 hand axe of electrocution
   (You took it off an orc on level 4 of the Dungeon)
 A - a +1 broad axe of freezing (weapon)
   (You took it off Maggie on level 6 of the Dungeon)
Armour
 c - a +0 kite shield
 e - a scarf of resistance
   (You found it on level 3 of the Dungeon)
 j - the -1 pair of gloves of Cowardice {rF++ Int+3}
   (You acquired it on level 10 of the Dungeon)

   It affects your intelligence (+3).
   It greatly protects you from fire.
 l - a +0 tower shield (worn)
   (You found it on level 7 of the Dungeon)
 p - a +2 plate armour of magic resistance
   (You found it on level 15 of the Dungeon)
 q - +0 swamp dragon scales (worn)
   (You found it on level 3 of the Swamp)
 s - a +1 helmet (worn)
   (You found it on level 7 of the Dungeon)
 y - a +1 pair of gloves (worn)
   (You found it on level 2 of the Lair of Beasts)
 B - a +2 pair of boots (worn)
   (You bought it in a shop on level 13 of the Dungeon)
 G - a +2 cloak (worn)
   (You found it on level 4 of the Dungeon)
Jewellery
 f - a ring of protection from fire (left hand)
   (You found it on level 1 of the Dungeon)
 k - an uncursed ring of resist corrosion
   (You found it on level 3 of the Dungeon)
 m - a ring of protection from magic (right hand)
   (You found it on level 6 of the Dungeon)
Wands
 a - a wand of iceblast (10)
   (You found it on level 14 of the Dungeon)
 u - a wand of digging (11)
   (You found it on level 15 of the Dungeon)
 D - a wand of paralysis (19)
   (You found it on level 7 of the Dungeon)
Scrolls
 i - 2 scrolls of fog
 n - 2 scrolls of magic mapping
 r - 6 scrolls of identify
 t - 8 scrolls of teleportation
 x - 8 scrolls of remove curse
 z - 2 scrolls of blinking
 E - 2 scrolls of immolation
 J - 2 scrolls of fear
 K - a scroll of enchant weapon
 L - a scroll of enchant armour
 N - a scroll of holy word
 O - a scroll of brand weapon {unknown}
Potions
 d - a potion of might
 g - a potion of mutation
 h - 2 potions of haste
 o - 2 potions of flight
 v - 2 potions of ambrosia
 w - 8 potions of heal wounds
 H - a potion of lignification {unknown}
 I - 2 potions of magic
 M - a potion of stabbing {unknown}
Miscellaneous
 C - a tin of tremorstones (inert)
   (You bought it in a shop on level 2 of the Orcish Mines)
 F - a condenser vane (inert)
   (You bought it in a shop on level 2 of the Orcish Mines)


   Skills:
 * Level 14.6 Fighting
 * Level 16.9 Axes
 + Level 12.7 Armour
 + Level 12.8 Shields
 - Level 15.0 Invocations
 + Level 6.9 Evocations


You had 15 spell levels left.
You didn't know any spells.
Your spell library was empty.

Dungeon Overview and Level Annotations

Branches:
Dungeon (15/15)            Temple (1/1) D:7            Lair (4/6) D:8
  Swamp (4/4) Lair:4       Spider (4/4) Lair:4          Orc (2/2) D:12
 Vaults (0/5) D:13         Depths (0/5) D:15
    Elf: Orc:2

Altars:
Ashenzari
Cheibriados
Dithmenos
Elyvilon
Fedhas
Gozag
Hepliaklqana
Kikubaaqudgha
Makhleb
Nemelex Xobeh
Okawaru
Qazlal
Ru
Sif Muna
Trog
Uskayaw
Vehumet
Wu Jian
Xom
Yredelemnul
Zin
The Shining One

Shops:
D:13 [   D:14 [   Orc:2 [}=?

Annotations:
D:6 2 transporters, 3 runed translucent doors, Irenicus's ghost, novice DDEE; emiel's ghost, novice FoFi
D:13 3 runed translucent doors, Flugslaktarn's ghost, journeyman DDFi
D:14 Roxanne
D:15 4 runed translucent doors


Innate Abilities, Weirdness & Mutations

You are resistant to damage.
You can heal yourself by infusing magical energy.
You resist negative energy. (rN+)
You passively map the area around you.
You do not regenerate.


Message History

You slice the thorn hunter!! You freeze the thorn hunter.
The thorn hunter is almost destroyed.
The briar patch crumbles away. x3
The thorn hunter fires a volley of thorns at you.
The volley of thorns hits you!
* * * LOW HITPOINT WARNING * * *
The thorn hunter fires a volley of thorns at you.
The volley of thorns hits you!!
* * * LOW HITPOINT WARNING * * *
You are too injured to fight recklessly!
You hit the thorn hunter but do no damage.
The thorn hunter is almost destroyed.
The thorn hunter hits you but does no damage.
The thorn hunter closely misses you.
You hit the thorn hunter. You freeze the thorn hunter.
The thorn hunter is almost destroyed.
The briar patch crumbles away. x2
The thorn hunter fires a volley of thorns at you.
The volley of thorns hits you!!
You die...

* * ≈ * ♣≈..†. ≈ * ,,, ≈
**♣♣.≈ * , ,, ≈ ♣♣♣♣ ♣♣≈≈≈
,,, * , ≈≈[♣.♣ ♣≈†≈≈ ≈ ≈ ,, ,
, ≈≈.≈. ♣♣♣≈.†. ≈ * **♣≈≈.≈♣*
♣♣..≈§≈. ,* , , *≈≈♣.♣♣
♣..†.♣♣. ** , #♣f..≈.♣
♣♣≈≈†♣♣♣ * * * ,
#♣@[..≈♣*♣♣♣♣♣≈≈†≈♣ ≈ *≈≈ *
***#♣.≈≈.≈≈♣♣♣≈....≈≈≈♣ ≈
,,≈.♣♣* #♣§≈≈........≈.....≈♣
≈
≈≈≈≈♣♣##♣≈≈.♣...≈≈..≈..≈.≈≈≈≈
≈
≈...§≈♣...≈≈.≈.♣.♣.≈≈..≈.≈≈≈≈
≈≈....≈.PP♣≈≈≈.♣♣♣...♣♣...≈≈≈
≈
≈≈≈...≈†≈♣♣P≈.♣♣♣♣≈♣♣♣♣♣♣.≈≈≈
≈≈≈..≈...♣♣..≈.≈♣♣♣♣.≈.♣♣≈§≈≈
,,
...≈≈≈≈.≈≈≈≈≈≈≈≈≈≈≈♣≈≈§♣♣♣<.♣


You could see a thorn hunter.

Vanquished Creatures
  Jorgrun (D:14)
  3 liches (D:15)
  2 thorn hunters
  Kirke (D:13)
  A fire giant (D:15)
  2 ghost moths (Spider:4)
  5 emperor scorpions
  The ghost of Flugslaktarn the Cleaver, a journeyman DDFi of Makhleb (D:15)
  3 spark wasps (Spider:4)
  Snorg (D:10)
  Josephine (D:11)
  The ghost of Fotwosk the Severer, a journeyman MiBe of Trog (D:15)
  2 ogre magi (D:15)
  6 hydras
  5 vault guards (D:13)
  2 centaur warriors
  11 two-headed ogres
  Erica (D:8)
  A death knight (D:15)
  7 death yaks
  7 alligators
  A spriggan druid (Swamp:4)
  7 swamp dragons
  A wizard (D:10)
  Pikel (D:8)
  6 orb spiders
  2 orc knights
  A wolf spider zombie (D:15)
  2 cyclopes (D:15)
  12 wolf spiders
  A manticore (D:12)
  3 ugly things
  2 moths of wrath
  3 black mambas
  A torpor snail (Lair:2)
  5 centaur skeletons
  7 cane toads
  Maggie (D:6)
  A rime drake (Lair:2)
  7 komodo dragons
  A yaktaur (D:15)
  3 kobold demonologists
  7 demonic crawlers
  5 freezing wraiths
  A troll (D:13)
  3 meliai (D:13)
  A tyrant leech (Swamp:3)
  3 bog bodies
  12 jumping spiders
  2 polar bears (Lair:3)
  A harpy skeleton (D:12)
  A wolf spider simulacrum (D:15)
  9 hornets
  5 hippogriffs
  24 slime creatures
  A centaur simulacrum (D:14)
  29 redbacks
  14 tarantellas
  8 wraiths
  A vampire (D:11)
  2 shadows
  9 humans
  5 wyverns
  4 hogs (D:14)
  17 yaks
  Eustachio (D:6)
  5 vampire mosquitoes
  A basilisk (Lair:3)
  A warg (D:12)
  Menkaure (D:7)
  14 insubstantial wisps
  9 swamp worms
  9 water moccasins
  7 porcupines
  7 swamp drakes
  5 ice beasts
  34 orc warriors
  3 sky beasts
  A black bear (Lair:3)
  4 phantoms
  A hornet zombie (D:8)
  14 ogres
  2 necrophages
  5 crocodiles
  A lemure (D:8)
  22 centaurs
  11 big kobolds
  20 bullfrogs
  4 scorpions
  4 killer bees (D:9)
  23 wights
  4 howler monkeys
  A crimson imp (D:10)
  A bullfrog zombie (D:7)
  4 centaur zombies
  4 hounds
  3 jellies
  18 orc priests
  3 bullfrog skeletons
  3 iguanas
  18 orc wizards
  13 worker ants
  A hound skeleton (D:9)
  2 worker ant zombies
  6 gnolls
  16 adders
  A shadow imp (D:8)
  A white imp (D:3)
  2 ufetubi
  An adder zombie (D:7)
  An adder skeleton (D:4)
  4 worms
  A dart slug (D:2)
  8 leopard geckos
  84 orcs
  9 giant cockroaches
  5 goblins
  4 hobgoblins
  2 jackals (D:5)
  15 kobolds
  4 quokkas
  A ball python (D:7)
  9 bats
  4 leopard gecko skeletons
  A quokka zombie (D:5)
  4 rats
  2 briar patches (Swamp:4)
765 creatures vanquished.

Vanquished Creatures (collateral kills)
  A ghost moth (Spider:4)
  2 emperor scorpions
  3 hydras
  3 wolf spiders (Spider:4)
  4 orb spiders (Spider:4)
  2 orc knights (Orc:2)
  A black mamba (Lair:3)
  2 demonic crawlers
  9 jumping spiders
  3 hornets
  2 hippogriffs
  6 tarantellas (Spider:4)
  3 redbacks (Spider:4)
  3 yaks (D:10)
  An acid dragon (D:10)
  An orc warrior (Orc:2)
  A centaur (D:10)
  2 orcs
49 creatures vanquished.

Vanquished Creatures (others)
  A ghost moth (Spider:4)
  A hydra (Swamp:4)
  A bog body (Swamp:1)
  2 humans (D:14)
  2 swamp worms
  A water moccasin (D:14)
  2 swamp drakes (Swamp:4)
  An orc (D:14)
  2 briar patches (Swamp:3)
  5 fungi
  36 plants
54 creatures vanquished.

Grand Total: 868 creatures vanquished

Notes
Turn   | Place    | Note
-------+----------+-------------------------------------------
     0 | D:1      | Flugslaktarn the Deep Dwarf Fighter began the quest for the
                  | Orb.
     0 | D:1      | Reached XP level 1. HP: 20/20 MP: 1/1
   181 | D:2      | Reached XP level 2. HP: 22/28 MP: 2/2
   215 | D:2      | Reached XP level 3. HP: 23/34 MP: 3/3
   315 | D:2      | Reached skill level 3 in Axes
   451 | D:3      | Reached XP level 4. HP: 42/42 MP: 3/3
   835 | D:3      | Noticed a centaur
   844 | D:3      | Killed a centaur
   844 | D:3      | Reached skill level 4 in Axes
   844 | D:3      | Reached XP level 5. HP: 29/50 MP: 4/4
   914 | D:3      | Found a bloodstained altar of Trog.
  1255 | D:4      | Reached XP level 6. HP: 44/57 MP: 4/4
  1381 | D:4      | Noticed a water moccasin
  1388 | D:4      | Killed a water moccasin
  1436 | D:4      | Reached skill level 5 in Axes
  1436 | D:4      | Reached XP level 7. HP: 30/66 MP: 5/5
  1444 | D:4      | Reached skill level 5 in Fighting
  1512 | D:4      | Reached skill level 5 in Shields
  1590 | D:5      | Entered Level 5 of the Dungeon
  1600 | D:5      | Reached skill level 5 in Armour
  1713 | D:5      | Reached skill level 6 in Axes
  1732 | D:5      | Reached XP level 8. HP: 61/75 MP: 6/6
  2118 | D:6      | Found a transporter.
  2146 | D:6      | Noticed Maggie
  2171 | D:6      | Killed Maggie
  2171 | D:6      | Reached skill level 7 in Axes
  2398 | D:6      | Found a runed translucent gate.
  2398 | D:6      | Found a runed translucent gate.
  2399 | D:6      | Found a runed translucent gate.
  2465 | D:6      | Noticed Eustachio
  2481 | D:6      | Killed Eustachio
  2627 | D:6      | Found a transporter.
  2638 | D:6      | Noticed Irenicus's ghost (novice DDEE)
  2638 | D:6      | Noticed Irenicus's ghost (novice DDEE)
  2638 | D:6      | Noticed emiel's ghost (novice FoFi)
  2756 | D:7      | Gained mutation: You passively map the area around you.
                  | [Deep Dwarf growth]
  2756 | D:7      | Reached XP level 9. HP: 57/85 MP: 6/6
  2799 | D:7      | Found a staircase to the Ecumenical Temple.
  2860 | D:7      | Noticed a kobold demonologist
  2871 | D:7      | Killed a kobold demonologist
  2871 | D:7      | Reached skill level 8 in Axes
  2904 | Temple   | Entered the Ecumenical Temple
  3084 | Temple   | Became a worshipper of Makhleb the Destroyer
  3125 | D:7      | Noticed Menkaure
  3135 | D:7      | Killed Menkaure
  3208 | D:7      | Reached skill level 1 in Invocations
  3379 | D:7      | Found a hazy altar of Hepliaklqana.
  3379 | D:7      | Found a sacrificial altar of Ru.
  3665 | D:8      | Reached skill level 9 in Axes
  3693 | D:8      | Reached * piety under Makhleb
  3711 | D:8      | Reached XP level 10. HP: 24/96 MP: 7/7
  3818 | D:8      | Noticed Erica
  3819 | D:8      | Paralysed by Erica for 4 turns
  3831 | D:8      | Killed Erica
  4050 | D:8      | Noticed Pikel
  4067 | D:8      | Killed Pikel
  4067 | D:8      | Reached skill level 10 in Axes
  4109 | D:8      | Reached ** piety under Makhleb
  4252 | D:8      | Found a staircase to the Lair.
  4274 | D:8      | Reached skill level 5 in Invocations
  4341 | D:9      | Noticed a two-headed ogre
  4355 | D:9      | Killed a two-headed ogre
  4467 | D:9      | Reached XP level 11. HP: 91/106 MP: 9/9
  4701 | D:10     | Entered Level 10 of the Dungeon
  4744 | D:10     | Noticed a wizard
  4751 | D:10     | Killed a wizard
  5032 | D:10     | Reached *** piety under Makhleb
  5053 | D:10     | Noticed Snorg
  5072 | D:10     | Killed Snorg
  5072 | D:10     | Reached skill level 11 in Axes
  5316 | D:10     | Identified a scroll of acquirement
  5316 | D:10     | Acquired the -1 pair of gloves of Cowardice {rF++ Int+3}
  5787 | D:11     | Reached skill level 10 in Fighting
  5805 | D:11     | Noticed Josephine
  5813 | D:11     | Killed Josephine
  5817 | D:11     | Noticed a two-headed ogre
  5838 | D:11     | Killed a two-headed ogre
  5969 | D:11     | Noticed a five-headed hydra
  5982 | D:11     | Killed an eight-headed hydra
  5982 | D:11     | Reached XP level 12. HP: 66/117 MP: 10/10
  6245 | D:11     | Reached **** piety under Makhleb
  6477 | D:11     | Noticed a two-headed ogre
  6488 | D:11     | Killed a two-headed ogre
  6488 | D:11     | Reached skill level 12 in Axes
  6941 | D:12     | Noticed a two-headed ogre
  6949 | D:12     | Killed a two-headed ogre
  6949 | D:12     | Reached ***** piety under Makhleb
  6975 | D:12     | Found a flickering gateway to a bazaar.
  6982 | D:12     | Paralysed by a hornet for 2 turns
  7005 | Bazaar   | Entered a bazaar
  7005 | Bazaar   | Found Birph's Gadget Emporium.
  7005 | Bazaar   | Found Zecin's Armour Shoppe.
  7005 | Bazaar   | Found Urucven's Antique Weapon Shop.
  7007 | Bazaar   | Found Fowning's Assorted Antiques.
  7240 | D:12     | Found a staircase to the Orcish Mines.
  7546 | D:12     | Found an iron altar of Okawaru.
  7616 | D:12     | Reached skill level 10 in Shields
  7736 | D:13     | Paralysed by a hornet for 1 turns
  7898 | D:13     | Reached skill level 10 in Armour
  7900 | D:13     | Reached skill level 13 in Axes
  8045 | D:13     | Found a runed translucent gate.
  8048 | D:13     | Found a runed translucent gate.
  8048 | D:13     | Found a runed translucent gate.
  8048 | D:13     | Noticed Flugslaktarn's ghost (journeyman DDFi)
  8145 | D:13     | Noticed a two-headed ogre
  8152 | D:13     | Killed a two-headed ogre
  8211 | D:13     | Noticed a vault guard
  8212 | D:13     | Noticed a vault guard
  8212 | D:13     | Noticed a vault guard
  8212 | D:13     | Noticed a vault guard
  8213 | D:13     | Noticed a vault guard
  8225 | D:13     | Killed a vault guard
  8225 | D:13     | Reached XP level 13. HP: 82/127 MP: 12/12
  8225 | D:13     | HP: 5/127 [enormous slime creature (65)]
  8531 | D:13     | Found Uddim's Armour Emporium.
  8620 | D:13     | Found a gate to the Vaults.
  8700 | D:14     | Noticed Kirke
  8830 | D:14     | HP: 6/128 [meliai/cursed +0 hand axe (3)]
  8843 | D:13     | Killed Kirke
  8893 | D:14     | Noticed Roxanne
  9026 | D:14     | Found Xaowk's Armour Emporium.
  9029 | D:14     | Noticed Jorgrun
  9035 | D:14     | HP: 2/129 [Jorgrun/iron shot (58)]
  9044 | D:14     | Reached skill level 10 in Invocations
  9075 | D:14     | Killed Jorgrun
  9075 | D:14     | Reached skill level 14 in Axes
  9287 | D:14     | Found a shimmering altar of Xom.
  9290 | D:14     | Found a shimmering altar of Xom.
  9290 | D:14     | Found a shimmering altar of Xom.
  9291 | D:14     | Found a shimmering altar of Xom.
  9291 | D:14     | Found a shimmering altar of Xom.
  9291 | D:14     | Found a shimmering altar of Xom.
  9291 | D:14     | Found a shimmering altar of Xom.
  9325 | D:14     | Reached ****** piety under Makhleb
  9417 | D:15     | Entered Level 15 of the Dungeon
  9436 | D:15     | Noticed a fire giant
  9450 | D:15     | Killed a fire giant
  9451 | D:15     | Found a staircase to the Depths.
  9609 | D:15     | Found a runed translucent door.
  9620 | D:15     | Found a runed translucent door.
  9659 | D:15     | Gained mutation: You resist negative energy. (rN+) [Deep
                  | Dwarf growth]
  9659 | D:15     | Reached XP level 14. HP: 42/139 MP: 0/2
  9974 | D:15     | Found a runed translucent gate.
  9974 | D:15     | Found a runed translucent gate.
  9974 | D:15     | Found a runed translucent gate.
  9975 | D:15     | Found an ancient bone altar of Kikubaaqudgha.
  9975 | D:15     | Noticed Fotwosk's ghost (journeyman MiBe)
  9975 | D:15     | Noticed a lich
  9975 | D:15     | Noticed Flugslaktarn's ghost (journeyman DDFi)
  9975 | D:15     | Noticed a lich
  9975 | D:15     | Noticed a lich
 10113 | D:15     | Found a runed translucent door.
 10126 | D:15     | Found a runed translucent door.
 10287 | D:15     | Killed a lich
 10289 | D:15     | Killed Fotwosk's ghost
 10299 | D:15     | Killed a lich
 10300 | D:15     | Killed a lich
 10306 | D:15     | Killed Flugslaktarn's ghost
 10306 | D:15     | Reached skill level 15 in Axes
 10321 | D:15     | Got a warped cloak
 10325 | D:15     | Got a clouded silver ring
 10327 | D:15     | Identified the ring of Xom's Bemusement {Wiz +Inv MP+9
                  | Stlth+} (You found it on level 15 of the Dungeon)
 10338 | D:15     | Identified the +2 cloak of Context {*Slow Int+4} (You found
                  | it on level 15 of the Dungeon)
 10584 | Lair:1   | Entered Level 1 of the Lair of Beasts
 11013 | D:13     | Bought a +0 pair of boots for 85 gold pieces
 12566 | Lair:4   | Reached XP level 15. HP: 112/148 MP: 4/4
 12570 | Lair:4   | Reached skill level 1 in Evocations
 12680 | Lair:4   | Found a hole to the Spider Nest.
 13277 | Lair:4   | Found a staircase to the Swamp.
 13446 | Orc:1    | Entered Level 1 of the Orcish Mines
 13562 | Orc:2    | Entered Level 2 of the Orcish Mines
 13770 | Orc:2    | Found Gimus's Jewellery Boutique.
 13770 | Orc:2    | Found Dufuyb's Gadget Shoppe.
 13772 | Orc:2    | Found Leimnie's Antique Armour Emporium.
 13774 | Orc:2    | Found Gaseshrid's Magic Scroll Shop.
 13787 | Orc:2    | Bought a condenser vane (2/2) for 220 gold pieces
 13787 | Orc:2    | Bought a tin of tremorstones (3/3) for 440 gold pieces
 13790 | Orc:2    | Bought a scroll of blinking for 97 gold pieces
 13790 | Orc:2    | Bought a scroll of blinking for 97 gold pieces
 13790 | Orc:2    | Bought a scroll of enchant weapon for 97 gold pieces
 13790 | Orc:2    | Bought a scroll of enchant armour for 97 gold pieces
 14023 | Spider:1 | Entered Level 1 of the Spider Nest
 14146 | Spider:3 | Noticed an Executioner
 14358 | Spider:4 | Entered Level 4 of the Spider Nest
 14396 | Spider:4 | Reached skill level 16 in Axes
 14396 | Spider:4 | Paralysed by a hornet for 2 turns
 14436 | Spider:4 | Paralysed by a hornet for 2 turns
 14451 | Spider:4 | Identified the Almanac of Glacial Black Rites
 14607 | Spider:4 | Killed a ghost moth
 14659 | Spider:4 | Reached skill level 5 in Evocations
 14660 | Spider:4 | Killed a ghost moth
 14661 | Spider:4 | Reached XP level 16. HP: 144/159 MP: 0/5
 14817 | Spider:4 | Got a gossamer rune of Zot
 14955 | Swamp:1  | Entered Level 1 of the Swamp
 15285 | Swamp:2  | Found a radiant altar of Vehumet.
 15378 | Swamp:3  | Noticed a thorn hunter
 15408 | Swamp:3  | Killed a thorn hunter
 15428 | Swamp:4  | Entered Level 4 of the Swamp
 15545 | Swamp:4  | Reached skill level 15 in Invocations
 15658 | Swamp:4  | Noticed a thorn hunter
 15679 | Swamp:4  | Killed a thorn hunter
 15695 | Swamp:4  | Noticed a thorn hunter
 15713 | Swamp:4  | HP: 7/160 [thorn hunter/volley of thorns (30)]
 15715 | Swamp:4  | Killed from afar by a thorn hunter

Illustrated notes

Levels and vault maps discovered:
D:1:      dpeg_arrival_signposts, layout_loops_ring, kennysheep_flooded_box
D:2:      layout_basic, kennysheep_decorative_pillar,
          hangedman_abyss_or_decor_stabs
D:3:      wad_river_or_something, layout_loops_ring, st_stairs_9,
          hangedman_abyss_or_decor_lesser_grid, bloody_trog
D:4:      layout_gridville
D:5:      layout_cave_pools
D:6:      gammafunk_cloud_chamber, layout_loops_ring, gammafunk_ghost_cemetery,
          uniq_maggie, uniq_eustachio
D:7:      layout_loops_ring, amethyst_overflow_temple_binary,
          minmay_temple_entry_stoned_glass, hangedman_minor_gate_pass,
          uniq_menkaure
D:8:      layout_basic, david_lair_shrubbed, special_room [special_room_kobold],
          uniq_erica, uniq_pikel
D:9:      layout_cross
D:10:     layout_rooms, minmay_door_square, grunt_decor_mini_mirrors,
          lightli_wizard_tower, uniq_snorg
D:11:     layout_layer_cave, gauntlet_entry_generic, uniq_josephine
D:12:     layout_roguey, erik_orc_3, serial_shops, bzr_entry_gold,
          okawaru_humans
D:13:     layout_cave_pods, ximxim_vaults_locker_room, serial_shops,
          nicolae_shop_temple_entry_statues_fountains, ebering_ghost_rock_garden
D:14:     layout_rooms, xom_redecorated, serial_shops, shop_fountains,
          uniq_jorgrun, uniq_kirke, uniq_roxanne
D:15:     grunt_enter_depths_giant_problem, layout_gridville,
          gammafunk_ghost_crypt, minmay_misc_feat_cross,
          roderic_cross_of_infinity, grunt_ministairs_1,
          minmay_statue_crystal_thing
Temple:   regret_index_temple_chain_breaker
Lair:1:   beast_lair_carwin_large_2, layout_gridlike, serial_bayou_lagoon_a,
          st_stairs_3, chequers_serial_rivers_small_3
Lair:2:   layout_gridlike
Lair:3:   layout_regular_city, lemuel_fruit_fields
Lair:4:   layout_gridlike, minmay_swamp_entry_worms,
          nicolae_spider_entry_tight_spaces, hibernation_bobbens
Swamp:1:  layout_falls_marsh, hangedman_swamp_blocks
Swamp:2:  layout_basic_swamp, nicolae_swamp_very_dense_foliage, swamp_pool3,
          nicolae_swamp_godswood, hangedman_swamp_diagram,
          nicolae_swamp_dense_foliage
Swamp:3:  layout_basic_swamp, infiniplex_staircase_pool_2, uniq_mara
Swamp:4:  swamp, layout_basic_swamp
Spider:1: layout_spider_delve, uniq_aizul, uniq_nikola, uniq_azrael
Spider:2: layout_spider_delve
Spider:3: layout_spider_delve
Spider:4: spider_rune_water
Orc:1:    layout_diamond_mine, serial_shops, nicolae_shop_window_shopping,
          nicolae_shop_competitors_out_of_business, mines1_david, uniq_erolcha
Orc:2:    st_orc_rangers, layout_caves

Skill      XL: |  1  2  3  4  5  6  7  8  9 10 11 12 13 14 15 16 |
---------------+-------------------------------------------------+-----
Fighting       | 3 4 5 6 8 9 10 11 12 13 14 | 14.6
Axes           | 3 4 5 6 7 9 10 11 13 14 15 16 | 16.9
Shields        | 4 5 6 7 8 9 10 11 12 | 12.8
Armour         | 4 5 6 7 8 9 10 11 12 | 12.7
Invocations    | 3 5 7 9 10 12 14 15 | 15.0
Evocations     | 5 6 |  6.9

Action                   |  1- 3 |  4- 6 |  7- 9 | 10-12 | 13-15 | 16-18 || total
-------------------------+-------+-------+-------+-------+-------+-------++-------
Melee: War axe           |    73 |    83 |       |       |       |       ||   156
       Hand axe          |       |    23 |   286 |   342 |       |       ||   651
       Broad axe         |       |       |    11 |   380 |  1046 |   374 ||  1811
Invok: Lesser Servant of |       |       |       |     3 |     4 |     2 ||     9
       Greater Servant o |       |       |       |       |     8 |       ||     8
 Abil: Heal Wounds       |     3 |     2 |     9 |    14 |    44 |    14 ||    86
Evoke: Wand              |       |       |       |     3 |     2 |       ||     5
       Condenser vane    |       |       |       |       |     2 |     2 ||     4
       Tin of tremorston |       |       |       |       |     1 |     4 ||     5
  Use: Scroll            |     1 |       |    14 |     9 |    12 |       ||    36
       Potion            |       |       |       |       |    11 |     4 ||    15
 Stab: Paralysed         |       |       |       |     5 |       |       ||     5
       Distracted        |       |       |       |     1 |     5 |     2 ||     8
       Invisible         |       |       |       |       |    10 |       ||    10
       Confused          |       |       |       |       |     2 |       ||     2
Armor: Scale mail        |    23 |       |       |       |       |       ||    23
       Chain mail        |    21 |    46 |   141 |    75 |       |       ||   283
       Plate armour      |       |       |       |   272 |   983 |   253 ||  1508
       Swamp dragon scal |       |       |       |       |       |    99 ||    99
Dodge: Dodged            |    28 |    26 |    44 |    92 |   214 |    87 ||   491
Block: Kite shield       |    35 |    58 |    84 |       |       |       ||   177
       Tower shield      |       |       |    80 |   673 |  1406 |   436 ||  2595

Table legend: (Time is in decaauts)
 A = Elapsed time spent in this place.
 B = Non-inter-level travel time spent in this place.
 C = Inter-level travel time spent in this place.
 D = Time resting spent in this place.
 E = Time spent auto-exploring this place.
 F = Levels seen in this place.
 G = Mean time per level.
                   A        B        C        D        E       F      G
               +--------+--------+--------+--------+--------+-----+--------+
         Total |  15849 |  13961 |   1888 |    152 |   9128 |  31 |  511.3 |
       Dungeon |  11034 |   9783 |   1251 |    137 |   6663 |  15 |  735.6 |
        Temple |    202 |    159 |     43 |      0 |    144 |   1 |  202.0 |
          Lair |   2530 |   2242 |    288 |      0 |   1802 |   4 |  632.5 |
         Swamp |    774 |    699 |     75 |      0 |    230 |   4 |  193.5 |
   Spider Nest |    858 |    699 |    159 |     15 |    138 |   4 |  214.5 |
  Orcish Mines |    385 |    315 |     70 |      0 |     99 |   2 |  192.5 |
        Bazaar |     63 |     63 |      0 |      0 |     52 |   1 |   63.0 |
               +--------+--------+--------+--------+--------+-----+--------+

Top non-repeatable levels by time:
    D:13: 1349 daAuts
    D:11: 1282 daAuts
    D:12: 1141 daAuts
     D:8: 1059 daAuts
    D:15: 990 daAuts
  Lair:4: 912 daAuts
     D:3: 895 daAuts
  Lair:2: 797 daAuts
    D:10: 764 daAuts
  Lair:3: 750 daAuts
     D:6: 719 daAuts
    D:14: 603 daAuts
     D:7: 601 daAuts
Spider:4: 498 daAuts
     D:5: 445 daAuts
